 Dungeon Crawl Stone Soup version 0.29-a0-2-g12fcac58f8 (webtiles) character file.

Game seed: 3255821178300242666

95034 frogsbabysitter the Unseen (level 15, -2/75 HPs)
             Began as a Spriggan Conjurer on Oct 1, 2021.
             Was a High Priest of Ashenzari.
             Slain by a harpy (10 damage)
             ... on level 2 of the Shoals on Jan 26, 2022.
             The game lasted 02:07:23 (39337 turns).

frogsbabysitter the Unseen (Spriggan Conjurer)     Turns: 39337, Time: 02:07:24

Health: -2/75      AC:  3    Str:  4    XL:     15   Next: 65%
Magic:  14/35      EV: 29    Int: 24    God:    Ashenzari [*****.]
Gold:   1442       SH:  5    Dex: 15    Spells: 12/45 levels left

rFire   . . .      SeeInvis +   Q - +12 quick blade of the Ruined Yoke {Cun, Bglg} (curse)
rCold   . . .      Faith    .   i - +0 buckler of the Sky {Bglg, Cun} (curse)
rNeg    . . .      Spirit   .   a - +0 robe of Ashenzari's Burden {Range, Bglg} (curse)
rPois   .          Reflect  .   (helmet restricted)
rElec   .          Harm     .   w - +0 cloak of Curses and Power {Elem, Bglg} (curse)
rCorr   .          Rampage  .   (gloves unavailable)
Will    +++..      Clarity  +   (boots unavailable)
Stlth   ++++++++..              O - amulet "Gnosis of Ashenzari" {Regen+, Self, Comp} (curse)
HPRegen 1.02/turn               E - ring "Overhang to Understand" {Wiz, Bglg, Cun} (curse)
MPRegen 0.24/turn               L - ring of the Wild Blue Yonder {Will+, Comp, Elem} (curse)

@: spiked, very quick
A: very small, no large weapons, unfitting armour, see invisible, speed 3
a: Renounce Religion, Curse Item, Shatter the Chains


You were on level 2 of the Shoals.
You worshipped Ashenzari.
Ashenzari was extremely pleased with you.
You visited 3 branches of the dungeon, and saw 23 of its levels.
You also visited: Sewer and Gauntlet.

You collected 2122 gold pieces.
You spent 680 gold pieces at shops.

Inventory:

Hand Weapons
 F - the +2 hand crossbow of Deilab {speed, rN+}
   (You found it on level 5 of the Dungeon)

   Attacks with this weapon are significantly faster.
   rN:        It protects you from negative energy.
 Q - the cursed +12 quick blade of the Ruined Yoke (weapon) {Cun, Bglg}
   (You acquired it on level 8 of the Dungeon)

   It has a curse which improves the following skills: Cunning: Dodging and
   Stealth.
   Beguiling: Conjurations, Hexes and Translocations.
Missiles
 z - 2 throwing nets
 N - 132 bolts
Armour
 a - the cursed +0 robe of Ashenzari's Burden (worn) {Range, Bglg}

   It has a curse which improves the following skills: Ranged Combat: Slings,
   Bows, Crossbows and Throwing.
   Beguiling: Conjurations, Hexes and Translocations.
 i - the cursed +0 buckler of the Sky (worn) {Bglg, Cun}
   (You found it on level 12 of the Dungeon)

   It has a curse which improves the following skills: Beguiling: Conjurations,
   Hexes and Translocations.
   Cunning:   Dodging and Stealth.
 v - a +0 cloak
 w - the cursed +0 cloak of Curses and Power (worn) {Elem, Bglg}
   (You found it on level 3 of the Dungeon)

   It has a curse which improves the following skills: Elements: Fire Magic, Ice
   Magic, Air Magic and Earth Magic.
   Beguiling: Conjurations, Hexes and Translocations.
 A - a scarf of invisibility
Jewellery
 j - a ring of ice
 E - the cursed ring "Overhang to Understand" (left hand) {Wiz, Bglg, Cun}
   (You found it on level 5 of the Dungeon)

   [ring of wizardry]

   It improves your spell success rate.
   It has a curse which improves the following skills: Beguiling: Conjurations,
   Hexes and Translocations.
   Cunning:   Dodging and Stealth.
 H - a ring of fire
 L - the cursed ring of the Wild Blue Yonder (right hand) {Will+, Comp, Elem}
   (You found it on level 5 of the Dungeon)

   [ring of willpower]

   Will:      It increases your willpower.
   It has a curse which improves the following skills: Companions: Summonings
   and Necromancy.
   Elements:  Fire Magic, Ice Magic, Air Magic and Earth Magic.
 O - the cursed amulet "Gnosis of Ashenzari" (around neck) {Regen+, Self, Comp}
   (You found it on level 6 of the Dungeon)

   [amulet of regeneration]

   Regen:     It increases your rate of health regeneration.
   It has a curse which improves the following skills: Introspection: Fighting
   and Spellcasting.
   Companions: Summonings and Necromancy.
 P - a +6 ring of dexterity
 X - an amulet of magic regeneration
 Y - an amulet of guardian spirit
Wands
 c - a wand of mindburst (23)
 s - a wand of iceblast (13)
 t - a wand of paralysis (24)
 y - a wand of acid (6)
 M - a wand of flame (82)
 S - a wand of digging (4)
 W - a wand of polymorph (18)
Scrolls
 e - a scroll of brand weapon
 f - 10 scrolls of teleportation
 g - a scroll of vulnerability
 o - 7 scrolls of fear
 p - 6 scrolls of enchant armour
 q - 5 scrolls of magic mapping
 u - 4 scrolls of immolation
 x - 5 scrolls of summoning
 B - 3 scrolls of holy word
 C - a scroll of amnesia
 I - 4 scrolls of enchant weapon
 T - 6 scrolls of fog
 Z - a scroll of silence
Potions
 d - 6 potions of might
 h - 2 potions of mutation
 k - 4 potions of ambrosia
 l - 6 potions of heal wounds
 m - 9 potions of curing
 n - 3 potions of magic
 r - 11 potions of haste
 G - 5 potions of invisibility
 J - 3 potions of brilliance
 K - 6 potions of cancellation
 R - 3 potions of resistance
 U - 3 potions of berserk rage
 V - 2 potions of flight
Miscellaneous
 b - a phantom mirror


   Skills:
 * Level 5.1(7.3) Fighting
 - Level 4.5 Short Blades
 - Level 5.2(7.5) Crossbows
 - Level 15.5(19.9) Dodging
 - Level 16.4(20.8) Stealth
 + Level 13.2(15.5) Spellcasting
 + Level 9.8(16.1) Conjurations
 - Level 12.8(19.2) Hexes
 - Level 6.6(12.7) Translocations
 - Level 4.1(7.2) Ice Magic
 + Level 7.6(11.1) Earth Magic
 + Level 3.3 Poison Magic


You had 12 spell levels left.
You knew the following spells:

 Your Spells              Type           Power      Damage    Failure   Level
a - Magic Dart            Conj           100%       1d8       0%          1
b - Searing Ray           Conj           100%       2d8       0%          2
c - Fulminant Prism       Conj/Hex       40%        3d20      1%          4
d - Cause Fear            Hex            42%        N/A       1%          4
e - Summon Mana Viper     Hex/Summ       60%        N/A       1%          5
f - Vampiric Draining     Necr           20%        2d7       6%          3
g - Iron Shot             Conj/Erth      35%        9d7       1%          6
h - Summon Ice Beast      Ice/Summ       37%        N/A       5%          4
i - Olgreb's Toxic Radia  Pois           34%        N/A       7%          4

Your spell library contained the following spells:

 Spells                   Type           Power      Damage    Failure   Level
 Dazzling Flash           Conj/Hex       100%       N/A       0%          3
 Sting                    Tmut/Pois      100%       1d8       1%          1
 Blink                    Tloc           100%       N/A       1%          2
 Ensorcelled Hibernation  Hex/Ice        100%       N/A       1%          2
 Poisonous Vapours        Pois/Air       54%        N/A       1%          2
 Static Discharge         Conj/Air       55%        N/A       1%          2
 Lesser Beckoning         Tloc           68%        N/A       1%          3
 Ozocubu's Armour         Ice            52%        N/A       1%          3
 Summon Guardian Golem    Hex/Summ       60%        N/A       1%          3
 Iskenderun's Mystic Bla  Conj/Tloc      73%        2d15      1%          4
 Sticky Flame             Conj/Fire      55%        2d7       1%          4
 Manifold Assault         Tloc           68%        N/A       1%          5
 Animate Skeleton         Necr           40%        N/A       2%          1
 Pain                     Necr           80%        1d8       2%          1
 Summon Small Mammal      Summ           80%        N/A       2%          1
 Animate Armour           Summ/Erth      92%        N/A       2%          4
 Spider Form              Tmut/Pois      26%        N/A       4%          3
 Call Canine Familiar     Summ           20%        N/A       6%          3
 Dispel Undead            Necr           20%        3d11      21%         4
 Blade Hands              Tmut           9%         N/A       56%         5
 Ozocubu's Refrigeration  Ice            26%        4d10      69%         7
 Dragon Form              Tmut           9%         N/A       100%        7
 Monstrous Menagerie      Summ           10%        N/A       100%        7
 Dragon's Call            Summ           10%        N/A       100%        9


Dungeon Overview and Level Annotations

Branches:
Dungeon (15/15)            Temple (0/1) D:5            Lair (6/6) D:10
 Shoals (2/4) Lair:3        Snake (0/4) Lair:3        Slime (0/5) Lair:6
    Orc (0/2) D:11         Vaults (0/5) D:14         Depths (0/4) D:15
  Sewer (visited)         Gauntlet (visited)

Altars:
Ashenzari
Elyvilon
Gozag
Kikubaaqudgha
Okawaru
Vehumet
Yredelemnul

Shops:
D:6 :   D:11 !

Portals:
Trove: D:11 (give +3 shadow dragon scales)

Annotations:
D:9 3 runed translucent doors, exclusion: obsidian statue, speeev33's ghost, novice MiBe
D:10 1 runed translucent door
D:15 Agnes


Innate Abilities, Weirdness & Mutations

You are very small and have problems with some larger weapons.
You are too small for most types of armour.
You have supernaturally acute eyesight. (SInv)
You cover ground extremely quickly. (Speed+++)


Message History

Aiming: Iron Shot (dangerous; 1% risk of failure)
Press: ? - help, Q - select action, (/) - cycle Shift-Dir - straight line, f - merfolk
Aim: a merfolk, wielding a +0 trident and wearing a +4 ring mail (wandering, hasn't noticed you, 71% to hit)
The iron shot hits the merfolk!!!
The merfolk is almost dead.
The merfolk shouts!
The merfolk misses you.
Aiming: Iron Shot (dangerous; 1% risk of failure)
Press: ? - help, Q - select action, (/) - cycle Shift-Dir - straight line, f/p - merfolk
Aim: a merfolk, wielding a +0 trident and wearing a +4 ring mail (almost dead, 71% to hit)
Okay, then.
Your unstable footing causes you to fumble your attack.
The merfolk completely misses you.
You hit the merfolk.
The merfolk is almost dead.
The merfolk closely misses you.
Your magical contamination has completely faded away.
Your unstable footing causes you to fumble your attack.
The harpy screeches!
The cyclops shouts!
You hit the merfolk but do no damage.
The merfolk is almost dead.
The merfolk completely misses you.
You hit the merfolk.
The merfolk is almost dead.
The manticore flicks its tail.
The volley of spikes hits you!!
The barbed spikes become lodged in your body.
The merfolk hits you with a +0 trident!!
Unknown command.
The barbs in your skin will harm you if you move.
Continue?
The barbed spikes dig painfully into your body as you move.
The barbed spikes dig painfully into your body as you move.
You block the merfolk's attack.
There is a stone staircase leading up here.
The manticore flicks its tail.
The volley of spikes hits you!!
The barbed spikes become lodged in your body.
* * * LOW HITPOINT WARNING * * *
The harpy completely misses you. The harpy claws you!
You die...

≈ , , ......≈≈≈≈≈≈≈≈≈≈≈≈
≈≈ ,,, ......≈≈≈≈≈≈≈≈≈≈≈≈
≈ ≈
,...≈≈≈≈≈≈≈≈≈≈≈≈≈≈≈≈≈≈ ≈,
* #..≈≈≈≈≈≈≈≈≈≈≈≈≈≈≈≈ ≈≈
* #...≈≈≈≈≈≈≈≈≈≈≈≈≈≈≈≈ ≈
≈≈, ,..≈≈≈≈≈≈≈≈≈≈≈≈≈≈≈≈
,, ≈ ,
,,.≈≈≈≈≈≈)≈≈≈≈≈≈≈≈≈≈ ,, ,
, ,≈≈≈≈≈≈≈..H≈)≈≈≈≈≈≈≈ ,
≈ ≈≈≈≈≈≈≈≈.@.)≈≈≈.≈≈≈≈ ,
, ≈≈ ≈
≈≈≈≈≈≈≈≈≈m≈(≈≈≈≈≈≈≈≈,, ,
≈≈≈≈≈≈≈≈≈≈≈≈≈≈≈≈≈≈≈≈≈≈,,
,, ≈≈≈≈
##≈≈≈≈≈≈≈≈≈H.≈≈≈≈≈≈,,∆,
≈≈ *≈≈≈≈≈≈≈≈..≈÷..≈≈≈≈≈≈
, ≈ ≈ ≈
≈≈≈≈.≈...?.≈C≈≈≈≈..###. ≈
≈
≈≈≈...≈......≈≈≈≈≈≈.(####
≈ ≈
≈......##...≈≈≈≈≈..####.
≈ ≈ ≈,≈* ,≈.≈≈†≈≈≈<....


You could see a merfolk, a manticore, a cyclops and a harpy.

Vanquished Creatures
  Rupert (D:14)
  Frances (D:14)
  2 fire dragons (Lair:6)
  14 hydras
  A rakshasa (D:13)
  3 boulder beetles
  A merfolk avatar (Shoals:2)
  A vault guard (D:14)
  A death knight (D:12)
  4 centaur warriors
  6 two-headed ogres
  3 catoblepae
  4 tengu warriors (D:13)
  3 death yaks (Lair:5)
  Nergalle (D:12)
  4 skeletal warriors
  2 sea snakes
  A swamp dragon (Lair:6)
  A deep troll (shapeshifter) (D:14)
  11 harpies
  9 ugly things
  2 lindwurms (Lair:6)
  10 manticores
  2 fauns (Shoals:2)
  2 deep elf pyromancers
  A cyclops (D:12)
  5 merfolk sirens
  11 elephants (Lair:4)
  A water nymph (shapeshifter) (D:13)
  A water nymph (Shoals:1)
  3 black mambas
  Joseph (D:10)
  5 torpor snails (Lair:6)
  7 cane toads
  3 gargoyles
  11 komodo dragons
  8 rime drakes
  An unseen horror (D:9)
  A kobold demonologist (D:12)
  2 efreet (D:14)
  A troll (D:10)
  2 wind drakes
  7 hornets (Lair:6)
  2 tyrant leeches (Lair:6)
  A guardian mummy (D:11)
  4 merfolk
  7 slime creatures
  5 dream sheep (Lair:4)
  23 blink frogs
  2 snapping turtles (Shoals:1)
  A centaur simulacrum (D:15)
  A wraith (D:12)
  3 wyverns
  8 humans (D:14)
  29 yaks
  5 basilisks
  2 steam dragons
  3 vampire mosquitoes (D:14)
  3 nagas (Lair:3)
  3 acid dragons
  10 water moccasins
  2 sky beasts
  2 swamp drakes (Lair:6)
  4 black bears
  8 orc warriors
  5 boggarts (D:14)
  An ogre (D:5)
  14 wolves
  9 centaurs
  6 kobold brigands
  A water moccasin zombie (D:6)
  11 bullfrogs
  4 scorpions
  4 gnoll sergeants
  A wyvern skeleton (D:6)
  14 killer bees
  2 vampire bats (Lair:1)
  9 wights
  A nameless horror (D:14)
  A howler monkey (D:9)
  2 electric eels (Lair:4)
  A centaur zombie (D:7)
  12 jellies
  8 orc priests
  2 bullfrog skeletons (D:6)
  A hound (D:7)
  Jessica (D:3)
  5 iguanas
  7 orc wizards
  2 hound skeletons (D:4)
  Robin (D:2)
  15 gnolls
  A howler monkey skeleton (D:5)
  7 adders
  4 river rats (Sewer)
  3 white imps
  An ufetubus (D:7)
  2 adder skeletons (D:4)
  A worm (D:2)
  3 dart slugs
  43 orcs
  10 bats
  8 endoplasms
  7 giant cockroaches
  10 hobgoblins
  4 jackals (D:4)
  21 kobolds
  2 quokkas
  18 ball pythons
  8 frilled lizards
  16 goblins
  28 rats
  7 fulminant prisms
633 creatures vanquished.

Vanquished Creatures (collateral kills)
  An ugly thing (D:15)
  A black mamba (Lair:6)
  A blink frog (Lair:6)
  A tyrant leech (Lair:6)
  2 yaks (D:10)
  A wolf (Lair:1)
7 creatures vanquished.

Vanquished Creatures (others)
  A vault guard (D:14)
  A manticore (D:9)
  A human (D:14)
  A golden eye (shapeshifter) (D:9)
  324 fulminant prisms
  62 fungi
  175 plants
  11 withered plants
576 creatures vanquished.

Grand Total: 1216 creatures vanquished

Notes
Turn   | Place    | Note
-------+----------+-------------------------------------------
     0 | D:1      | frogsbabysitter the Spriggan Conjurer began the quest for
                  | the Orb.
     0 | D:1      | Reached XP level 1. HP: 9/9 MP: 5/5
   250 | D:1      | Reached XP level 2. HP: 13/13 MP: 1/6
   581 | D:1      | Learned a level 2 spell: Searing Ray
   775 | D:1      | Found a faded altar of an unknown god.
  1065 | D:2      | Reached XP level 3. HP: 16/16 MP: 2/8
  1535 | D:2      | Noticed Robin
  1719 | D:2      | Killed Robin
  1720 | D:2      | Reached skill level 4 in Stealth
  1720 | D:2      | Reached XP level 4. HP: 20/21 MP: 0/10
  2314 | D:3      | Noticed Jessica
  2344 | D:3      | Killed Jessica
  2477 | D:3      | Found an opulent altar of Gozag.
  2477 | D:3      | Found an ancient bone altar of Kikubaaqudgha.
  2726 | D:3      | Learned a level 4 spell: Fulminant Prism
  2964 | D:3      | Found a broken altar of Ashenzari.
  3018 | D:3      | Became a worshipper of Ashenzari the Shackled
  3254 | D:4      | Noticed a scorpion
  3460 | D:4      | Noticed a kobold brigand
  3490 | D:4      | Killed a kobold brigand
  3491 | D:4      | Reached skill level 1 in Hexes
  3491 | D:4      | Reached XP level 5. HP: 16/24 MP: 0/11
  4052 | D:4      | Reached skill level 5 in Stealth
  4052 | D:4      | Reached XP level 6. HP: 24/28 MP: 4/13
  4578 | D:5      | Entered Level 5 of the Dungeon
  4607 | D:5      | Found a glowing drain.
  4619 | D:5      | Identified the +2 hand crossbow of Deilab {speed, rN+}
  4625 | D:5      | Found a staircase to the Ecumenical Temple.
  5109 | Sewer    | Entered a sewer
  5384 | Sewer    | Reached XP level 7. HP: 32/32 MP: 5/14
  5965 | Sewer    | Reached skill level 1 in Translocations
  6119 | Sewer    | Reached skill level 6 in Stealth
  6317 | Sewer    | Reached skill level 9 in Stealth
  6317 | Sewer    | Reached skill level 5 in Conjurations
  6317 | Sewer    | Reached XP level 8. HP: 36/36 MP: 16/20
  6323 | Sewer    | Learned a level 4 spell: Cause Fear
  6759 | D:5      | Found a radiant altar of Vehumet.
  7018 | D:6      | Reached * piety under Ashenzari
  7247 | D:6      | Reached XP level 9. HP: 39/39 MP: 6/21
  7503 | D:6      | Reached skill level 1 in Crossbows
  7579 | D:6      | Found Vipia's Book Shop.
  8091 | D:7      | Identified a scroll of acquirement
  8334 | D:7      | Reached skill level 10 in Hexes
  9375 | D:8      | Reached XP level 10. HP: 35/44 MP: 15/23
 10800 | D:8      | Noticed a two-headed ogre
 10828 | D:8      | Killed a two-headed ogre
 10829 | D:8      | Reached skill level 1 in Short Blades
 10945 | D:8      | Reached ** piety under Ashenzari
 11399 | D:9      | Found a white marble altar of Elyvilon.
 11399 | D:9      | Noticed a centaur warrior
 11486 | D:9      | Found an iron altar of Okawaru.
 11571 | D:8      | Acquired a +12 quick blade
 11920 | D:9      | Found a basalt altar of Yredelemnul.
 12258 | D:9      | Noticed a two-headed ogre
 12275 | D:9      | Killed a two-headed ogre
 12541 | D:9      | Reached *** piety under Ashenzari
 12547 | D:9      | Found a runed translucent gate.
 12548 | D:9      | Found a runed translucent gate.
 12548 | D:9      | Found a runed translucent gate.
 12550 | D:9      | Found an opulent altar of Gozag.
 12551 | D:9      | Noticed an obsidian statue
 12557 | D:9      | Noticed speeev33's ghost (novice MiBe)
 12557 | D:9      | Noticed a manticore
 12572 | D:9      | Learned a level 5 spell: Summon Mana Viper
 12585 | D:9      | Noticed an orb spider
 12585 | D:9      | a basilisk changed into an orb spider
 12587 | D:9      | an orb spider changed into a human
 12620 | D:9      | Killed a centaur warrior
 12621 | D:9      | Reached XP level 11. HP: 38/47 MP: 7/27
 13345 | D:9      | Identified the +3 ring mail of Hairiness {Will+}
 13679 | D:10     | Entered Level 10 of the Dungeon
 13722 | D:10     | Noticed a two-headed ogre
 13739 | D:10     | Killed a two-headed ogre
 13820 | D:10     | Found a runed translucent door.
 14258 | D:10     | Noticed a boulder beetle
 14357 | D:10     | Reached skill level 10 in Dodging
 14659 | D:10     | Noticed Joseph
 14694 | D:10     | Found a staircase to the Lair.
 14713 | D:10     | Killed Joseph
 14937 | D:10     | Noticed a fire crab
 15033 | D:11     | Found a gate leading to a gauntlet.
 15037 | Gauntlet | Entered a Gauntlet
 15037 | Gauntlet | Found a transporter.
 15043 | Gauntlet | Noticed a thrashing horror
 15141 | D:11     | Noticed a two-headed ogre
 15160 | D:11     | Reached **** piety under Ashenzari
 15174 | D:11     | Killed a two-headed ogre
 15373 | D:11     | Found a staircase to the Orcish Mines.
 15376 | D:11     | Noticed a purple ugly thing
 15401 | D:11     | Killed a purple ugly thing
 15528 | D:11     | Noticed a seven-headed hydra
 15550 | D:11     | Killed a seven-headed hydra
 15888 | D:11     | Found Neitwiqa's Distillery.
 15896 | D:11     | Bought a potion of cancellation for 88 gold pieces
 15896 | D:11     | Bought a potion of magic for 88 gold pieces
 16101 | D:11     | Found a portal to a secret trove of treasure.
 16258 | D:11     | Found an opulent altar of Gozag.
 16452 | Lair:1   | Entered Level 1 of the Lair of Beasts
 16538 | Lair:1   | Noticed an eight-headed hydra
 16549 | Lair:1   | Killed an eight-headed hydra
 16592 | Lair:1   | Reached skill level 5 in Crossbows
 16758 | Lair:1   | Reached skill level 10 in Spellcasting
 16765 | Lair:1   | Learned a level 3 spell: Vampiric Draining
 16774 | Lair:1   | Noticed a four-headed hydra
 16910 | Lair:1   | Killed a four-headed hydra
 17096 | D:6      | Bought a book of Iron for 504 gold pieces
 17669 | Lair:1   | Reached XP level 12. HP: 51/51 MP: 21/29
 17964 | Lair:2   | Reached skill level 1 in Earth Magic
 18010 | Lair:2   | Noticed a catoblepas
 18030 | Lair:2   | Killed a catoblepas
 18163 | Lair:2   | Reached skill level 10 in Stealth
 18635 | Lair:2   | Reached ***** piety under Ashenzari
 19122 | Lair:3   | Noticed a catoblepas
 19662 | Lair:3   | Learned a level 6 spell: Iron Shot
 19837 | Lair:3   | Reached skill level 11 in Stealth
 20005 | Lair:3   | Found a staircase to the Snake Pit.
 20159 | Lair:3   | Noticed a four-headed hydra
 20173 | Lair:3   | Killed a four-headed hydra
 20191 | Lair:3   | Killed a catoblepas
 20708 | Lair:3   | Found a staircase to the Shoals.
 20887 | Lair:4   | Reached skill level 5 in Earth Magic
 21590 | Lair:4   | Reached XP level 13. HP: 56/56 MP: 20/30
 21663 | Lair:4   | Reached skill level 12 in Stealth
 23240 | Lair:5   | Reached skill level 13 in Stealth
 23481 | Lair:5   | Reached skill level 1 in Ice Magic
 23809 | Lair:6   | Entered Level 6 of the Lair of Beasts
 25515 | Lair:6   | Reached XP level 14. HP: 60/60 MP: 19/32
 25722 | Lair:6   | Found a runed translucent door.
 25745 | Lair:6   | Reached skill level 14 in Stealth
 25950 | Lair:6   | Found a staircase to the Slime Pits.
 28993 | D:12     | Noticed Nergalle
 29826 | D:12     | Killed Nergalle
 29827 | D:12     | Reached skill level 15 in Stealth
 29863 | D:12     | Learned a level 4 spell: Summon Ice Beast
 31014 | D:13     | Identified the +2 pair of boots of Hocesy Dokku {rElec
                  | Regen+}
 32084 | D:14     | Upgraded the game from 0.28-a0-577-gb193047a1f to
                  | 0.28-a0-580-ga2639ab843
 32282 | D:14     | Noticed Rupert
 32513 | D:14     | Killed Rupert
 32659 | D:14     | Reached skill level 15 in Dodging
 33203 | D:14     | Noticed Frances
 33217 | D:14     | HP: 3/61 [Frances/shard of ice (35)]
 33219 | D:14     | Killed Frances
 33220 | D:14     | Reached skill level 1 in Fighting
 33638 | D:14     | Reached XP level 15. HP: 65/69 MP: 11/35
 33822 | D:14     | Found a gate to the Vaults.
 34181 | D:14     | Reached skill level 16 in Stealth
 34407 | D:14     | Learned a level 4 spell: Olgreb's Toxic Radiance
 34454 | D:15     | Entered Level 15 of the Dungeon
 34732 | D:15     | Found a staircase to the Depths.
 34752 | D:15     | Noticed Agnes
 35411 | D:14     | Reached skill level 1 in Poison Magic
 35947 | D:14     | Upgraded the game from 0.28-a0-580-ga2639ab843 to
                  | 0.28-a0-622-gbaef9634d7
 36593 | Shoals:1 | Entered Level 1 of the Shoals
 36593 | Shoals:1 | Identified the +0 pair of boots "Ecreni" {Regen+ Stlth+}
 38560 | Shoals:1 | Upgraded the game from 0.28-a0-622-gbaef9634d7 to
                  | 0.28-a0-819-g6ef7baa362
 38560 | Shoals:1 | Upgraded the game from 0.28-a0-819-g6ef7baa362 to
                  | 0.28-a0-863-g8cecda6153
 38571 | Shoals:2 | Upgraded the game from 0.28-a0-863-g8cecda6153 to
                  | 0.29-a0-2-g12fcac58f8
 39011 | Shoals:1 | Reached skill level 5 in Fighting
 39337 | Shoals:2 | Slain by a harpy

Illustrated notes

Levels and vault maps discovered:
D:1:      minmay_arrival_cross, layout_rooms, ebering_ecumenical_altar_hall
D:2:      layout_basic, uniq_robin
D:3:      layout_rooms, nicolae_ashenzari_skybound, grunt_temple_overflow_open,
          uniq_jessica
D:4:      layout_basic, lexackson_kobold_supper
D:5:      layout_basic, vehumet_altar_wand_db, minmay_temple_entry_ruins,
          gup_sewer_entry_glass
D:6:      layout_cave_pools, serial_shops, shop
D:7:      layout_loops_ring
D:8:      layout_basic, special_room [special_room_orc]
D:9:      layout_layer_cave, mainiacjoe_overflow_alcove_4,
          yredelemnul_altar_generic, amcnicky_altar_gilded, ebering_ghost_gozag,
          minmay_fractal_squares_5
D:10:     gammafunk_mikee_crab_dinner, layout_basic, dpeg_oklobed_lair,
          uniq_joseph
D:11:     layout_irregular_city, orc_0_dummy, nicolae_trove_entry_path_of_doom,
          serial_shops, nicolae_shop_crystal, gauntlet_entry_generic,
          nicolae_gozag_cash_rules_everything_around_me
D:12:     layout_gridville, chequers_serial_rivers_micro_b, uniq_nergalle
D:13:     layout_basic
D:14:     layout_roguey, ximxim_vaults_locker_room, small_statue_intersection,
          statue_in_the_mist_lemuel, chequers_arboretum,
          nicolae_straight_to_the_point, uniq_rupert, uniq_frances
D:15:     gammafunk_depths_entry_grave, layout_loops_corners, lemuel_tele_altar,
          uniq_agnes, uniq_kirke
Lair:1:   layout_regular_city, roderic_batcave, grunt_megastairs_2
Lair:2:   layout_regular_city
Lair:3:   layout_cave_pods, minmay_shoals_entry_centaurs,
          guppyfry_snake_entry_island, infiniplex_staircase_pool_2
Lair:4:   layout_gridlike
Lair:5:   layout_loops_ring
Lair:6:   guppyfry_lair_end_dragon, layout_regular_city, wormcave,
          minmay_slime_entry_jelly_boxes
Shoals:1: layout_shoals
Shoals:2: layout_shoals, nzn_prometheus_bound

Skill      XL: |  1  2  3  4  5  6  7  8  9 10 11 12 13 14 15 |
---------------+----------------------------------------------+-----
Conjurations   | 3 4 5 6 7 8 9 |  9.8
Dodging        | 3 4 8 9 10 12 13 15 | 15.5
Spellcasting   | 3 4 7 8 9 10 12 13 | 13.2
Stealth        | 4 5 9 11 13 15 16 | 16.4
Hexes          | 1 2 3 9 10 11 12 | 12.8
Translocations | 6 |  6.6
Crossbows      | 2 3 5 |  5.2
Short Blades   | 2 4 |  4.5
Earth Magic    | 5 7 |  7.6
Ice Magic      | 2 4 |  4.1
Fighting       | 1 5 |  5.1
Poison Magic   | 3 |  3.3

Action                   |  1- 3 |  4- 6 |  7- 9 | 10-12 | 13-15 || total
-------------------------+-------+-------+-------+-------+-------++-------
Melee: Dagger            |     2 |    32 |     2 |       |       ||    36
       Quick blade       |       |       |       |   134 |   195 ||   329
       Rapier            |       |       |       |    13 |       ||    13
 Fire: Hand crossbow     |       |       |    86 |     4 |       ||    90
 Cast: Magic Dart        |    71 |   115 |    69 |   171 |    21 ||   447
       Searing Ray       |     8 |    25 |    34 |    27 |     1 ||    95
       Fulminant Prism   |       |     1 |    30 |   180 |   121 ||   332
       Summon Mana Viper |       |       |       |     9 |    16 ||    25
       Vampiric Draining |       |       |       |    20 |    12 ||    32
       Iron Shot         |       |       |       |     3 |   330 ||   333
       Summon Ice Beast  |       |       |       |       |    13 ||    13
       Cause Fear        |       |       |       |       |     7 ||     7
       Olgreb's Toxic Ra |       |       |       |       |     1 ||     1
Invok: Curse Item        |       |       |     2 |     4 |     1 ||     7
Evoke: Wand              |       |     1 |     2 |     5 |     9 ||    17
  Use: Potion            |       |       |     1 |       |     1 ||     2
       Scroll            |       |       |       |     2 |     2 ||     4
 Stab: Distracted        |       |       |       |     2 |     2 ||     4
       Sleeping          |       |       |       |       |     2 ||     2
Armor: Robe              |       |     9 |     8 |    11 |    11 ||    39
Dodge: Dodged            |     5 |    36 |    75 |   259 |   252 ||   627
Block: Buckler           |       |       |       |       |    26 ||    26

Table legend: (Time is in decaauts)
 A = Elapsed time spent in this place.
 B = Non-inter-level travel time spent in this place.
 C = Inter-level travel time spent in this place.
 D = Time resting spent in this place.
 E = Time spent auto-exploring this place.
 F = Levels seen in this place.
 G = Mean time per level.
                   A        B        C        D        E       F      G
               +--------+--------+--------+--------+--------+-----+--------+
         Total |  32044 |  30413 |   1631 |  13014 |  10416 |  25 | 1281.8 |
       Dungeon |  18681 |  17522 |   1159 |   6648 |   6884 |  15 | 1245.4 |
          Lair |   9831 |   9384 |    447 |   4201 |   3113 |   6 | 1638.5 |
        Shoals |   2338 |   2314 |     24 |   1355 |    413 |   2 | 1169.0 |
         Sewer |   1187 |   1187 |      0 |    809 |      4 |   1 | 1187.0 |
      Gauntlet |      5 |      5 |      0 |      0 |      0 |   1 |    5.0 |
               +--------+--------+--------+--------+--------+-----+--------+

Top non-repeatable levels by time:
  Lair:6: 3098 daAuts
    D:14: 2471 daAuts
Shoals:1: 2153 daAuts
  Lair:3: 1914 daAuts
  Lair:5: 1683 daAuts
     D:8: 1676 daAuts
    D:11: 1597 daAuts
    D:10: 1467 daAuts
     D:9: 1462 daAuts
    D:13: 1386 daAuts
     D:7: 1336 daAuts
  Lair:4: 1233 daAuts
    D:12: 1205 daAuts
   Sewer: 1187 daAuts
  Lair:2: 1114 daAuts
